 Dungeon Crawl Stone Soup version 0.28-a0-1227-ga9037bb4c8 (webtiles) character file.

Game seed: 3605846180686478995

42 chunkyMonkey the Ruffian (level 3, -2/25 (27) HPs)
             Began as a Formicid Transmuter on Dec 22, 2021.
             Slain by a necrophage (6 damage)
             ... on level 5 of the Dungeon.
             The game lasted 00:03:57 (3731 turns).

chunkyMonkey the Ruffian (Formicid Transmuter)      Turns: 3731, Time: 00:03:58

HP:   -2/25 (27)    AC:  2    Str: 16    XL:     3   Next: 80%
MP:   6/7           EV: 12    Int: 12    God:
Gold: 99            SH:  0    Dex: 11    Spells: 1/7 levels left

rFire   . . .      SeeInvis +   d - +0 spear
rCold   . . .      Faith    .   (no shield)
rNeg    . . .      Spirit   .   a - +0 robe
rPois   .          Reflect  .   (helmet unavailable)
rElec   .          Harm     .   (no cloak)
rCorr   .          Rampage  .   (no gloves)
Will    .....                   (boots currently unavailable)
Stlth   +.........              (no amulet)
HPRegen 0.08/turn               (no ring)
MPRegen 0.10/turn               (no ring)

@: appendages, drained
A: talons 2, permanent stasis, dig shafts and tunnels, antennae 3, four strong
arms
a: Dig, Shaft Self, End Transformation


You were on level 5 of the Dungeon.
You had temporarily grown beastly talons.
You visited 1 branch of the dungeon, and saw 4 of its levels.

You collected 99 gold pieces.

Inventory:

Hand Weapons
 d - a +0 spear (weapon)
Armour
 a - a +0 robe (worn)
 m - a +0 ring mail
 n - a +2 pair of boots (melded)
Scrolls
 f - 2 scrolls of enchant weapon {unknown}
 h - 3 scrolls of identify {unknown}
 i - a scroll of acquirement {unknown}
 k - a scroll of noise {unknown}
 o - a scroll of teleportation {unknown}
Potions
 c - 3 potions of curing
 e - a potion of berserk rage {unknown}
 g - a potion of lignification {unknown}
 j - a potion of degeneration {unknown}
 l - a potion of brilliance {unknown}


   Skills:
 * Level 1.7 Fighting
 * Level 1.2 Armour
 + Level 2.0 Dodging
 * Level 3.3 Unarmed Combat
 * Level 2.6 Spellcasting
 + Level 2.4 Transmutations
 * Level 0.3 Poison Magic


You had one spell level left.
You knew the following spells:

 Your Spells              Type           Power      Damage    Failure   Level
a - Beastly Appendage     Tmut           14%        N/A       10%         1
b - Wereblood             Tmut           7%         N/A       14%         2
c - Spider Form           Tmut/Pois      4%         N/A       41%         3

Your spell library contained the following spells:

 Spells                   Type           Power      Damage    Failure   Level
 Ice Form                 Ice/Tmut       4%         N/A       83%         4


Dungeon Overview and Level Annotations

Branches:
Dungeon (3/15)

Altars:
Makhleb

Annotations:
D:3 2 transporters, ytrimaz's ghost, amateur OpTm


Innate Abilities, Weirdness & Mutations

You have temporarily grown beastly talons.
You cannot be hasted, slowed, berserked, paralysed or teleported.
You can dig through walls and to a lower floor.
You have a pair of large antennae on your head. (SInv)
Your four strong arms can wield two-handed weapons with a shield.


Message History

Okay, then.
Casting: Beastly Appendage (safe; 10% risk of failure)
Confirm with . or Enter, or press ? or * to list all spells.
Okay, then.
You aren't carrying any items that you can evoke.
Unknown command.
It was a potion of curing.
You feel better.
It was a potion of heal wounds.
You feel much better. The necrophage hits you.
You feel drained.
Okay, then.
You hit the necrophage but do no damage.
You punch the necrophage.
The necrophage is lightly damaged.
The necrophage hits you but does no damage.
Unknown command.
You hit the necrophage but do no damage.
The necrophage is lightly damaged.
The necrophage hits you.
You hit the necrophage but do no damage.
The necrophage is lightly damaged.
The necrophage hits you but does no damage.
Casting: Beastly Appendage (safe; 10% risk of failure)
Confirm with . or Enter, or press ? or * to list all spells.
Your feet morph into talons.
Your +2 pair of boots melds into your body.
The necrophage hits you.
You barely miss the necrophage.
You claw the necrophage, but do no damage.
The necrophage is lightly damaged.
The necrophage hits you.
You completely miss the necrophage. You claw the necrophage.
The necrophage is moderately damaged.
The necrophage hits you.
* * * LOW HITPOINT WARNING * * *
You feel drained.
* * * LOW HITPOINT WARNING * * *
You closely miss the necrophage.
The necrophage is moderately damaged.
The necrophage hits you.
You die...

...... ..[...
......
......###
........#
........#
........+
.....=..######
.........n@..#
############.#
.# #


You could see a necrophage.

Vanquished Creatures
  2 worms
  A dart slug (D:1)
  5 endoplasms
  2 goblins (D:1)
  2 hobgoblins
  5 kobolds
  2 quokkas (D:1)
  A ball python (D:1)
  6 bats
  3 frilled lizards
  5 rats
34 creatures vanquished.

Notes
Turn   | Place    | Note
-------+----------+-------------------------------------------
     0 | D:1      | chunkyMonkey the Formicid Transmuter began the quest for
                  | the Orb.
     0 | D:1      | Reached XP level 1. HP: 15/15 MP: 3/3
     1 | D:1      | Found a burning altar of Makhleb.
   188 | D:1      | Found a faded altar of an unknown god.
   809 | D:1      | Reached XP level 2. HP: 16/21 MP: 1/5
   904 | D:1      | Learned a level 2 spell: Wereblood
  1903 | D:1      | Reached skill level 1 in Armour
  1903 | D:1      | Reached XP level 3. HP: 21/26 MP: 4/6
  1907 | D:1      | Learned a level 3 spell: Spider Form
  3611 | D:3      | Found a transporter.
  3623 | D:3      | Noticed ytrimaz's ghost (amateur OpTm)
  3624 | D:3      | Noticed a necrophage
  3651 | D:3      | Found a transporter.
  3719 | D:3      | You fall into a shaft and drop 2 floors!
  3719 | D:5      | Entered Level 5 of the Dungeon
  3719 | D:5      | Noticed a necrophage
  3731 | D:5      | Slain by a necrophage

Illustrated notes

Levels and vault maps discovered:
D:1:      sevenhm_arrival_forest_fort_small_6, layout_loops_corners,
          shapermc_ecumenical_altar_ellora
D:2:      layout_basic
D:3:      layout_basic, serial_shops, nicolae_shop_advertising_works
          [nicolae_subvault_shop_adworks], gammafunk_ghost_arena,
          minmay_goblin_outpost, uniq_ijyb, uniq_crazy_yiuf_cottage
D:5:      layout_basic, minmay_temple_entry_mini_moons

Skill      XL: |  1  2  3 |
---------------+----------+-----
Armour         | 1 |  1.2
Dodging        | 2 |  2.0
Fighting       | |  1.7
Unarmed Combat | |  3.3
Spellcasting   | |  2.6
Transmutations | |  2.4
Poison Magic   | |  0.3

Action                   || total
-------------------------++-------
Melee: Spear             ||   115
       Kick              ||    23
       Punch             ||     1
 Cast: Beastly Appendage ||    45
  Use: Potion            ||     2
 Stab: Sleeping          ||     1
Armor: Robe              ||    18
Dodge: Dodged            ||    63

Table legend: (Time is in decaauts)
 A = Elapsed time spent in this place.
 B = Non-inter-level travel time spent in this place.
 C = Inter-level travel time spent in this place.
 D = Time resting spent in this place.
 E = Time spent auto-exploring this place.
 F = Levels seen in this place.
 G = Mean time per level.
                   A        B        C        D        E       F      G
               +--------+--------+--------+--------+--------+-----+--------+
         Total |   3741 |   3706 |     35 |   1428 |   1896 |   4 |  935.2 |
       Dungeon |   3741 |   3706 |     35 |   1428 |   1896 |   4 |  935.2 |
               +--------+--------+--------+--------+--------+-----+--------+

Top non-repeatable levels by time:
     D:1: 2318 daAuts
     D:2: 1093 daAuts
     D:3: 317 daAuts
     D:5: 12 daAuts
